 Dungeon Crawl Stone Soup version 0.23.1 (webtiles) character file.

Game seed: 6894297557981406387

40 Borgoz the Sneak (level 3, -1/27 HPs)
             Began as a Ghoul Enchanter on Mar 14, 2019.
             Slain by an adder (2 damage)
             ... on level 2 of the Dungeon.
             The game lasted 00:01:59 (817 turns).

Borgoz the Sneak (Ghoul Enchanter)                   Turns: 817, Time: 00:02:01

Health: -1/27      AC:  2    Str: 16    XL:     3   Next: 50%
Magic:  0/4        EV: 12    Int: 10    God:
Gold:   32         SH:  0    Dex: 10    Spells: 2/5 levels left

rFire    . . .     SeeInvis .   a - +1 dagger
rCold    + . .     Gourm    .   (no shield)
rNeg     + + +     Faith    .   b - +0 robe
rPois    ∞         Spirit   .   (no helmet)
rElec    .         Reflect  .   (no cloak)
rCorr    .         Harm     .   (no gloves)
MR       .....                  (no boots)
Stlth    ++........             (no amulet)
HPRegen  0.00/turn              (no ring)
MPRegen  0.09/turn              (no ring)

@: mighty, flying, rotting
A: rotting body, claws 1, carnivore, cold resistance 1, negative energy
resistance 3, inhibited regeneration, torment resistance, unbreathing
a: no special abilities


You were on level 2 of the Dungeon.
You were not hungry.

You visited 1 branch of the dungeon, and saw 2 of its levels.

You collected 32 gold pieces.

Inventory:

Hand Weapons
 a - a +1 dagger (weapon)
Armour
 b - a +0 robe (worn)
Potions
 f - a potion of curing {unknown}
Comestibles
 d - a ration


   Skills:
 + Level 0.9 Fighting
 * Level 1.5 Short Blades
 * Level 2.2 Dodging
 + Level 3.5 Stealth
 + Level 1.9 Spellcasting
 * Level 2.7 Hexes


You had 2 spell levels left.
You knew the following spells:

 Your Spells              Type           Power        Failure   Level  Hunger
a - Corona                Hex            #......      11%         1    ##.....
b - Ensorcelled Hibernat  Hex/Ice        #.....       26%         2    ###....

Your spell library contained the following spells:

 Spells                   Type           Power        Failure   Level  Hunger
 Confuse                  Hex            #.......     30%         3    ####...
 Tukima's Dance           Hex            #.......     30%         3    ####...
 Dazzling Spray           Conj/Hex       #.....       47%         3    ####...


Dungeon Overview and Level Annotations

Branches:
Dungeon (2/15)

Altars:


Innate Abilities, Weirdness & Mutations

Your body is rotting away.
You thrive on raw meat.
You are immune to poison.
You have sharp fingernails.
You are carnivorous and can eat meat at any time.
Your flesh is cold resistant. (rC+)
You are immune to negative energy. (rN+++)
You do not regenerate when monsters are visible.
You are immune to unholy pain and torment.
You can survive without breathing.


Message History

You miss the adder.
The adder is moderately wounded.
The adder bites you. The adder misses you.
You hit the adder but do no damage.
The adder is moderately wounded.
The adder bites you.
* * * LOW HITPOINT WARNING * * *
Okay, then.
It was a potion of flight.
You feel very buoyant.
You fly up into the air.
The adder bites you.
* * * LOW HITPOINT WARNING * * *
It was a potion of might.
You feel very mighty all of a sudden. The adder bites you.
* * * LOW HITPOINT WARNING * * *
You closely miss the adder.
The adder is moderately wounded.
The adder bites you.
You die...

###########.######
..........S.#@...#
#...<# #.S###.#
#.#### #.. ....
..... #...#.
#...#. #...##


You could see an adder.

Vanquished Creatures
  An adder (D:2)
  A dart slug (D:1)
  3 bats (D:1)
  3 giant cockroaches (D:1)
  5 goblins (D:1)
  3 hobgoblins (D:1)
  4 kobolds (D:1)
  A ball python (D:1)
  4 frilled lizards (D:1)
  4 rats (D:1)
29 creatures vanquished.

Notes
Turn   | Place    | Note
-------+----------+-------------------------------------------
     0 | D:1      | Borgoz the Ghoul Enchanter began the quest for the Orb.
     0 | D:1      | Reached XP level 1. HP: 14/14 MP: 2/2
   134 | D:1      | Reached skill level 1 in Short Blades
   145 | D:1      | Reached XP level 2. HP: 8/20 MP: 3/3
   267 | D:1      | Reached XP level 3. HP: 19/27 MP: 4/4
   805 | D:1      | Learned a level 2 spell: Ensorcelled Hibernation
   816 | D:2      | HP: 1/27 [adder (2)]
   817 | D:2      | Slain by an adder

Skill      XL: |  1  2 |
---------------+-------+-----
Short Blades   | 1 |  1.5
Dodging        | 2 |  2.2
Fighting       | |  0.9
Stealth        | |  3.5
Spellcasting   | |  1.9
Hexes          | |  2.7

Action                   || total
-------------------------++-------
Melee: Dagger            ||    97
 Cast: Ensorcelled Hiber ||     2
  Use: Potion            ||     3
       Scroll            ||     1
 Stab: Sleeping          ||     5
       Invisible         ||     2
  Eat: Chunk             ||     9
Armor: Robe              ||    20
Dodge: Dodged            ||    50
